 Dungeon Crawl Stone Soup version 0.25-a0-310-g60f0ac2 (webtiles) character file.

Game seed: 9106636297424833948, levelgen mode: deterministic

57 Auros the Sneak (level 3, -1/24 HPs)
             Began as a Vampire Enchanter on Dec 23, 2019.
             Slain by a gnoll
             ... wielding a +0 spear
              (9 damage)
             ... on level 2 of the Dungeon.
             The game lasted 00:18:01 (1405 turns).

Auros the Sneak (Vampire Enchanter)                 Turns: 1405, Time: 00:18:02

Health: -1/24      AC: 10    Str:  7    XL:     3   Next: 73%
Magic:  1/6        EV: 13    Int: 17    God:
Gold:   127        SH:  0    Dex: 15    Spells: 3/6 levels left

rFire    . . .     SeeInvis +   n - +1 dagger (protect)
rCold    . . .     Gourm    .   (no shield)
rNeg     . . .     Faith    .   b - +0 robe
rPois    .         Spirit   .   (no helmet)
rElec    .         Reflect  .   o - +0 cloak
rCorr    .         Harm     .   (no gloves)
MR       .....                  (no boots)
Stlth    +++.......             (no amulet)
HPRegen  0.28/turn              (no ring)
MPRegen  0.10/turn              (no ring)

@: protection aura, very slightly contaminated, regenerating quickly
A: no food, fangs 3, see invisible, unbreathing
a: Exsanguinate


You were on level 2 of the Dungeon.
You were alive.

You visited 1 branch of the dungeon, and saw 2 of its levels.

You collected 127 gold pieces.

Inventory:

Hand Weapons
 a - a +1 dagger
 h - a +1 dagger of venom
 j - a +2 vampiric spear
 m - a +1 vampiric spear
 n - a +1 dagger of protection (weapon)
Missiles
 c - 28 sling bullets
 k - 15 arrows
 Z - 24 stones (quivered)
Armour
 b - a +0 robe (worn)
 o - a +0 cloak (worn)
Scrolls
 d - a scroll of enchant armour {unknown}
 i - a scroll of noise {unknown}
 l - a scroll of enchant weapon {unknown}
Potions
 e - a potion of lignification {unknown}
 f - a potion of haste {unknown}
 g - a potion of cancellation {unknown}
 p - a potion of curing {unknown}


   Skills:
 - Level 2.0 Short Blades
 - Level 2.1 Dodging
 + Level 6.8 Stealth
 - Level 2.0 Spellcasting
 - Level 4.4 Hexes


You had 3 spell levels left.
You knew the following spells:

 Your Spells              Type           Power        Failure   Level  Hunger
a - Corona                Hex            ###....      3%          1    N/A
b - Ensorcelled Hibernat  Hex/Ice        #.....       12%         2    N/A

Your spell library contained the following spells:

 Spells                   Type           Power        Failure   Level  Hunger
 Confuse                  Hex            ###.....     10%         3    N/A
 Tukima's Dance           Hex            ###.....     10%         3    N/A
 Dazzling Flash           Conj/Hex       #.....       24%         3    N/A

Dungeon Overview and Level Annotations

Branches:
Dungeon (2/15)

Altars:


Innate Abilities, Weirdness & Mutations

You do not eat.
Your natural rate of healing is unusually fast.
You have razor-sharp teeth.
You have supernaturally acute eyesight. (SInv)
You can survive without breathing.


Message History

You closely miss the gnoll.
The gnoll is heavily wounded.
The gnoll hits you with a +0 spear.
* * * LOW HITPOINT WARNING * * *
You hit the gnoll.
The gnoll is severely wounded.
You hit the gnoll but do no damage.
The gnoll is severely wounded.
The gnoll barely misses you.
You hit the gnoll.
The gnoll is severely wounded.
The gnoll barely misses you.
You hit the gnoll.
The gnoll is almost dead.
The gnoll hits you with a +0 spear.
* * * LOW HITPOINT WARNING * * *
You hit the gnoll.
The gnoll is almost dead.
The gnoll hits you with a +0 spear!
You die... #.# bgg

#.# ..... #.#
....g.#
##.###....#.#
#....#....# #
#....#?####
#....#
#....#####
#..g@....#
##.#.###.#
#.#.#.#.#
#.#.)<#.#
#.#####.#
#...รท...#
#########


You could see a gnoll.

Vanquished Creatures
  2 gnolls
  A leopard gecko (D:1)
  A ball python (D:1)
  9 bats (D:1)
  A giant cockroach (D:1)
  2 hobgoblins (D:1)
  2 jackals
  A quokka (D:2)
  2 frilled lizards
  7 goblins
  A kobold (D:1)
  6 rats
35 creatures vanquished.

Notes
Turn   | Place    | Note
-------+----------+-------------------------------------------
     0 | D:1      | Auros the Vampire Enchanter began the quest for the Orb.
     0 | D:1      | Reached XP level 1. HP: 13/13 MP: 3/3
    59 | D:1      | You fall into a shaft and drop 1 floor!
   286 | D:1      | Reached XP level 2. HP: 19/19 MP: 1/5
   288 | D:1      | Reached skill level 5 in Stealth
   901 | D:1      | Reached XP level 3. HP: 24/24 MP: 6/6
  1010 | D:1      | Reached skill level 6 in Stealth
  1016 | D:1      | Learned a level 2 spell: Ensorcelled Hibernation
  1405 | D:2      | Slain by a gnoll

Levels and vault maps discovered:
D:1:      minmay_arrival_stone_box, layout_basic
D:2:      layout_basic, serial_bayou_crossing

Skill      XL: |  1  2  3 |
---------------+----------+-----
Stealth        | 5 6 |  6.8
Short Blades   | 2 |  2.0
Dodging        | |  2.1
Spellcasting   | |  2.0
Hexes          | |  4.4

Action                   || total
-------------------------++-------
Melee: Dagger            ||   123
       Bite              ||     9
 Cast: Corona            ||     9
       Ensorcelled Hiber ||     9
 Stab: Sleeping          ||     9
Armor: Robe              ||    29
Dodge: Dodged            ||    84

Table legend:
 A = Non-vault XP
 B = Vault XP
 C = Vault XP percentage of total XP
 D = Non-vault monster count
 E = Vault monster count
 F = Vault count percentage of total count
                 A         B        C        D         E       F
            +---------+---------+-------+---------+---------+-------
      Total |      82 |       0 |   0.0 |      35 |       0 |   0.0
            +---------+---------+-------+---------+---------+-------
        D:1 |      60 |       0 |   0.0 |      29 |       0 |   0.0
        D:2 |      22 |       0 |   0.0 |       6 |       0 |   0.0
            +---------+---------+-------+---------+---------+-------
